 Dungeon Crawl Stone Soup version 0.20.1-1-g8b1a95d (webtiles) character file.

108 Jazqa the Slasher (level 4, -2/33 HPs)
             Began as a Merfolk Gladiator on Oct 28, 2017.
             Was a Believer of Hepliaklqana.
             Killed from afar by Linguinho's ghost (19 damage)
             ... with a stone arrow
             ... on level 3 of the Dungeon.
             The game lasted 00:03:29 (1914 turns).

Jazqa the Slasher (Merfolk Gladiator)               Turns: 1914, Time: 00:03:29

Health: -2/33      AC:  5    Str: 14    XL:     4   Next: 87%
Magic:  0/4        EV: 13    Int:  7    God:    Hepliaklqana [**....]
Gold:   37         SH:  0    Dex: 16    Spells: 3/3 levels left

rFire    + . .     SeeInvis .   a - +0 long sword
rCold    . . .     Gourm    .   (no shield)
rNeg     . . .     Faith    .   b - +0 leather armour
rPois    .         Spirit   +   c - +0 helmet
rElec    .         Reflect  .   (no cloak)
rCorr    +         Harm     .   m - +0 pair of gloves
MR       .....                  (no boots)
Stlth    +.........             G - amulet of guardian spirit
Regen    0.2/turn               R - ring of resist corrosion
MPRegen  0.1/turn               F - ring of protection from fire

@: drained
A: change form in water, swift swim, stealthy swim, reduced essence
a: Ancestor Life: Knight, Ancestor Life: Battlemage, Ancestor Life: Hexer,
Recall Ancestor, Ancestor Identity, Renounce Religion


You were on level 3 of the Dungeon.
You worshipped Hepliaklqana.
Hepliaklqana was pleased with you.
You were not hungry.

You visited 1 branch of the dungeon, and saw 3 of its levels.

You collected 37 gold pieces.


   Skills:
 + Level 4.1(3.6) Fighting
 + Level 4.7(4.2) Long Blades
 - Level 2.0(1.5) Throwing
 - Level 4.0(3.5) Dodging


You had 3 spell levels left.
You didn't know any spells.

Inventory:

Hand Weapons
 a - a +0 long sword (weapon)
Missiles
 d - 3 throwing nets (quivered) {=f}
Armour
 b - a +0 leather armour (worn)
 c - a +0 helmet (worn)
 m - a +0 pair of gloves (worn)
Jewellery
 j - a +5 amulet of reflection
 F - a ring of protection from fire (right hand)
 G - an amulet of guardian spirit (around neck)
 R - a ring of resist corrosion (left hand)
Scrolls
 e - a scroll of amnesia {unknown}
 h - a scroll of teleportation {unknown}
 i - a scroll of identify {unknown}
 l - 2 scrolls of blinking {unknown}
 n - 2 scrolls of remove curse {unknown}
 r - a scroll of immolation {unknown}
Potions
 k - 2 potions of curing {unknown}
 o - a potion of heal wounds {unknown}
 p - a potion of cancellation {unknown}
Comestibles
 f - 2 bread rations {@e1}
 g - 4 royal jellies {@e3}
 q - 3 meat rations {@e1}
 s - 3 fruits {@e2}

Dungeon Overview and Level Annotations

Branches:
Dungeon (3/15)

Altars:
Hepliaklqana

Annotations:
D:3 2 transporters, Linguinho's ghost, amateur DEEE

.# #.# #.# ... #.### #. ....#
... #####...##########.#.##...
.... ..>......@..WR..........# .
...####.##############.#.#### #.
#........##....######.#..###
#.##.........'..........R.......
#...........##....#########(.###
#.........####....##.........#
+.........# #....##.........###.
#.........# #....##.)........##.
#......#### #....##.(........##.


You could see the friendly Æðelind the ancestor and Linguinho's ghost.


Message History

You closely miss Linguinho's ghost.
You feel sick.
You are no longer poisoned.
Linguinho's ghost points at you and mumbles some strange words.
The blast of sand hits you! Linguinho's ghost misses you.
You riposte.
You hit Linguinho's ghost.
Linguinho's ghost is lightly damaged.
You barely miss Linguinho's ghost.
Linguinho's ghost is lightly damaged. Æðelind hits Linguinho's ghost but does no damage.
Linguinho's ghost screams, "Very impressive.
But it won't help.
Nothing will."
Linguinho's ghost hits you.
You feel drained.
Unknown command.
You barely miss Linguinho's ghost.
Linguinho's ghost is lightly damaged. Æðelind barely misses Linguinho's ghost.
Linguinho's ghost gestures at you while chanting.
The blast of sand hits you!
* * * LOW HITPOINT WARNING * * *
Æðelind hits Linguinho's ghost.
Linguinho's ghost points at you and mumbles some strange words.
The blast of sand misses you. Æðelind closely misses Linguinho's ghost.
Unknown command. Æðelind closely misses Linguinho's ghost.
Unknown command.
Linguinho's ghost frowns in concentration.
Linguinho's ghost gestures at you while chanting.
The stone arrow hits you!
Ouch! That really hurt!
You die...

Skill      XL: |  1  2  3  4 |
---------------+-------------+-----
Long Blades    | 4 |  4.7
Fighting       | 3 4 |  4.1
Throwing       | |  2.0
Dodging        | |  4.0

Action                   |  1- 3 |  4- 6 || total
-------------------------+-------+-------++-------
Melee: Long sword        |   105 |    42 ||   147
Invok: Ancestor Identity |     1 |       ||     1
 Stab: Sleeping          |     3 |       ||     3
       Distracted        |     1 |       ||     1
  Eat: Chunk             |     2 |     1 ||     3
Armor: Leather armour    |    27 |    13 ||    40
Dodge: Dodged            |   103 |    28 ||   131
Block: Other             |    29 |       ||    29
       Rpst.: Long sword |    27 |    10 ||    37

Vault maps used:
D:1:      eino_arrival_cavern_a
D:2:      chequers_ecumenical_altar_simple, minivault_23, feat_on_display
D:3:      gammafunk_steamed_eel, first_bread

Notes
Turn   | Place    | Note
-------+----------+-------------------------------------------
     0 | D:1      | Jazqa the Merfolk Gladiator began the quest for the Orb.
     0 | D:1      | Reached XP level 1. HP: 16/16 MP: 1/1
   241 | D:1      | Reached XP level 2. HP: 23/23 MP: 2/2
   573 | D:2      | Reached skill level 4 in Long Blades
   573 | D:2      | Reached XP level 3. HP: 23/28 MP: 3/3
   575 | D:2      | Reached skill level 3 in Fighting
   720 | D:2      | Found a faded altar of an unknown god.
   735 | D:2      | Became a worshipper of Hepliaklqana the Forgotten
   735 | D:2      | Reached * piety under Hepliaklqana
  1347 | D:3      | Reached XP level 4. HP: 27/32 MP: 4/4
  1475 | D:3      | Reached ** piety under Hepliaklqana
  1590 | D:3      | Found a transporter.
  1816 | D:3      | Found a transporter.
  1863 | D:3      | Reached skill level 4 in Fighting
  1898 | D:3      | Noticed Linguinho's ghost (amateur DEEE)
  1914 | D:3      | Killed from afar by Linguinho's ghost

Vanquished Creatures
  4 adders (D:3)
  2 oozes (D:3)
  3 worms
  2 dart slugs
  A leopard gecko (D:2)
  An orc (D:3)
  2 ball pythons
  9 bats
  2 goblins (D:1)
  5 hobgoblins
  2 kobolds
  2 quokkas
  A frilled lizard (D:2)
  5 rats
41 creatures vanquished.

Vanquished Creatures (collateral kills)
  A worm (D:3)
  A leopard gecko (D:2)
  A goblin (D:2)
  A hobgoblin (D:2)
  A rat (D:2)
5 creatures vanquished.

Grand Total: 46 creatures vanquished
